 Dungeon Sprint DCSS version 0.17-a0-1738-g82cdc46 (webtiles) character file.

37123 Kidiri the Unseen (level 12, -6/51 HPs)
             Began as a Spriggan Enchanter on Aug 30, 2015.
             Was the Champion of Dithmenos.
             Engulfed by a cloud of freezing vapour (13 damage)
             ... in the Dungeon (Sprint III: "The Ten Rune Challenge").
             The game lasted 00:27:16 (4106 turns).

Kidiri the Unseen (Spriggan Enchanter)              Turns: 4106, Time: 00:27:18

Health: -6/51      AC:  2    Str:  4    XL:     12   Next: 77%
Magic:  31/33      EV: 35    Int: 17    God:    Dithmenos [******]
Gold:   28         SH:  0    Dex: 19    Spells: 10 memorised, 4 levels left

rFire  . . .     SeeInvis +     a - +3 dagger (elec)
rCold  . . .     Clarity  +     (armour restricted)
rNeg   . . .     SustAt   .     (shield restricted)
rPois  .         Gourm    .     (helmet restricted)
rElec  .         Spirit   .     (no cloak)
rCorr  .         Warding  .     (gloves unavailable)
rMut   .         NoTele   +     (boots unavailable)
MR     ++...                    (no amulet)
Stlth  ++++++++++               (no ring)
                                (no ring)

@: wreathed by umbra, very quick, very resistant to hostile enchantments,
uncannily stealthy
A: unfitting armour, thin metallic scales 1, see invisible, berserk 1, clarity,
dopey 1, herbivore 3, speed 3, slow metabolism 2, spit poison 1
a: Spit Poison, Shadow Step, Shadow Form, Renounce Religion
}: 1/10 runes: barnacled


You were in the Dungeon.
You worshipped Dithmenos.
Dithmenos was exalted by your worship.
You were full.

You visited 1 branch You collected 28 gold pieces.

Inventory:

Hand weapons
 a - a +3 dagger of electrocution (weapon)
Armour
 b - a +1 robe
 d - an ice dragon hide
Scrolls
 j - a scroll of blinking
 m - 5 scrolls of remove curse
Potions
 e - 2 potions of curing
 g - a potion of haste
 h - 2 potions of magic
 i - a potion of berserk rage
 l - a potion of might
 n - a potion of flight {unknown}
 r - a potion of cancellation {unknown}
 s - a potion of lignification {unknown}
Books
 k - a book of Clouds

   Spells                             Type                      Level
   a - Mephitic Cloud                 Conjuration/Poison/Air       3
   b - Conjure Flame                  Conjuration/Fire             3
   c - Poisonous Cloud                Conjuration/Poison/Air       6
   d - Freezing Cloud                 Conjuration/Ice/Air          6
   e - Ring of Flames                 Charms/Fire                  7
Comestibles
 c - 31 royal jellies
 q - 8 fruits


   Skills:
 + Level 11.1 Short Blades
 * Level 18.6 Dodging
 * Level 20.3 Stealth
 * Level 16.2 Spellcasting
 + Level 7.4 Conjurations
 + Level 12.4 Hexes
 + Level 11.9 Charms
 + Level 8.3 Ice Magic
 + Level 8.0 Air Magic
 + Level 6.6 Poison Magic
 - Level 3.2 Invocations


You had 4 spell levels left.
You knew the following spells:

 Your Spells              Type           Power        Failure   Level  Hunger
a - Corona                Hex            ######.      1%          1    None
b - Ensorcelled Hibernat  Hex/Ice        #####.       1%          2    None
c - Confuse               Hex            ######..     1%          3    None
d - Tukima's Dance        Hex            ######..     1%          3    None
e - Dazzling Spray        Conj/Hex       #####...     1%          3    None
f - Cause Fear            Hex            ######....   1%          4    None
g - Deflect Missiles      Chrm/Air       #####.....   12%         6    #####..
h - Discord               Hex            ######....   99%         8    #######
i - Mephitic Cloud        Conj/Pois/Air  #####...     1%          3    None
j - Freezing Cloud        Conj/Ice/Air   #####.....   34%         6    #####..


Dungeon Overview and Level Annotations

Branches:
Dungeon (1/1)

Altars:
Cheibriados
Dithmenos
Elyvilon
Fedhas
Gozag
Kikubaaqudgha
Makhleb
Nemelex Xobeh
Okawaru
Qazlal
Ru
Sif Muna
Trog
Vehumet
Xom
Yredelemnul
Zin
The Shining One
Jiyva
Lugonu

Shops:
D (}%}[%


Innate Abilities, Weirdness & Mutations

You are tiny and cannot use many weapons and most armour.
You have supernaturally acute eyesight.
You are a herbivore.
You cover ground extremely quickly.
You need consume almost no food.
You are partially covered in thin metallic scales (AC +2).
You tend to lose your temper in combat.
You possess an exceptional clarity of mind.
You are dopey. (Int -2)
You can spit weak poison.


Message History

Things that are here:
an ice dragon hide; a chunk of flesh
d - an ice dragon hide You enter the shallow water.
Moving in this stuff is going to be slow.
There is an entrance to Cirysep's Food Emporium here.
Wear which item? (? for menu, Esc to quit)
You start removing your armour.
You continue taking off your +1 robe.
You continue taking off your +1 robe. x3
You finish taking off your +1 robe.
You start putting on your armour.
You continue putting on your ice dragon hide.
You are engulfed in freezing vapours.
Keep equipping yourself? [Y]es or [N]o only, please.
Keep equipping yourself? [Y]es or [N]o only, please.
Keep equipping yourself?
You stop putting on your armour.
You die...

,,,* ♣.♣♣ *,,,,* ▓≈≈≈≈≈≈≈≈≈≈≈≈▓
,,** ♣..♣**≈,,** ▓≈≈≈≈≈≈≈≈≈≈≈≈▓
,,,* ♣♣.♣♣,**##♣♣ ▓≈≈≈≈≈≈≈≈≈≈≈≈▓
,,,* ♣♣.♣*,≈,.§♣ ▓≈≈≈≈≈≈≈≈≈≈≈≈▓
,,** ♣♣..♣♣♣♣♣♣≈♣ ▓≈≈≈≈≈≈≈≈≈≈≈≈▓
,** ♣....§§§§≈≈♣ ▓≈≈≈≈≈≈≈≈≈≈≈≈▓
** ♣.....§§§.≈♣ ▓≈≈≈≈≈≈≈≈≈≈≈≈▓
♣.♣.§.§§§§≈♣ ▓≈≈≈......≈≈≈▓
♣♣♣♣♣♣♣♣§§@♣ ▓≈≈..∩∩.∩%.≈≈▓ ♣♣♣♣♣
▓▓▓▓▓▓▓▓▓▓▓▓▓▓
*********************************
,,,,**≈,,,,,,,,,,,**,≈,,,,≈,*,,,*
***+**≈≈,,,,,,******≈,,,,,,≈*,,,*
,,,,**≈≈≈≈,,,,≈≈≈≈**,,,,,,,,*+***
,,,,**,≈≈≈≈≈≈≈≈≈≈,**,,,,,,,,+,,,+
,,,,**,≈≈≈≈≈≈≈≈≈≈,**,,,,,,,,*+***
,,,,**,,,≈≈≈≈≈≈,,,**≈,,,,,,≈*≈≈≈*


There were no monsters in sight!

Vanquished Creatures
  Rupert (D)
  A kraken (D)
  Maud (D)
  Josephine (D)
  A centaur warrior (D)
  3 ice dragons (D)
  2 hydras (D)
  3 alligator snapping turtles (D)
  4 death yaks (D)
  A spriggan druid (D)
  A death drake (D)
  A lindwurm (D)
  An unseen horror (D)
  2 black mambas (D)
  2 spiny frogs (D)
  A fire drake (D)
  A deep elf priest (D)
  A komodo dragon (D)
  A queen bee (D)
  3 wandering mushrooms (D)
  8 blink frogs (D)
  3 snapping turtles (D)
  3 redbacks (D)
  2 spriggans (D)
  A shadow (D)
  A spatial vortex (D)
  A swamp drake (D)
  A necrophage (D)
  2 centaurs (D)
  An earth elemental (D)
  2 brain worms (D)
  A water elemental (D)
  32 killer bees (D)
  An electric eel (D)
  A jelly (D)
  Jessica (D)
  A wizard (D)
  A necromancer (D)
  A wolf (D)
  A kobold demonologist (D)
  3 humans (D)
  2 oozes (D)
  2 swamp drake simulacra (D)
  A rat (D)
105 creatures vanquished.

Vanquished Creatures (others)
  2 draconian scorchers (D)
  3 yaktaurs (D)
  A fungus (D)
  12 plants (D)
  18 tentacles (D)
  116 tentacle segments (D)
152 creatures vanquished.

Grand Total: 257 creatures vanquished

Notes
Turn   | Place    | Note
--------------------------------------------------------------
     0 | D        | Kidiri the Spriggan Enchanter began the quest for the Orb.
     0 | D        | Reached XP level 1. HP: 9/9 MP: 5/5
    13 | D        | Reached skill level 5 in Stealth
   148 | D        | Reached XP level 2. HP: 13/13 MP: 5/7
   180 | D        | Learned a level 2 spell: Ensorcelled Hibernation
   182 | D        | Noticed Jessica
   186 | D        | Killed Jessica
   186 | D        | Reached skill level 5 in Dodging
   186 | D        | Reached skill level 6 in Stealth
   186 | D        | Reached skill level 1 in Ice Magic
   186 | D        | Reached XP level 3. HP: 16/16 MP: 8/10
   207 | D        | Learned a level 3 spell: Confuse
   211 | D        | Learned a level 3 spell: Tukima's Dance
   241 | D        | Killed a white draconian scorcher
   250 | D        | Killed a white draconian scorcher
   280 | D        | Noticed a wolf
   289 | D        | Killed a wolf
   289 | D        | Reached skill level 7 in Stealth
   289 | D        | Reached skill level 5 in Spellcasting
   296 | D        | Learned a level 3 spell: Dazzling Spray
   297 | D        | Reached XP level 4. HP: 21/21 MP: 8/12
   321 | D        | Gained mutation: You are partially covered in thin metallic scales (AC +2). [potion of mutation]
   321 | D        | Gained mutation: You can spit weak poison. [potion of mutation]
   322 | D        | Gained mutation: You are dopey. (Int -2) [potion of mutation]
   322 | D        | Gained mutation: You possess an exceptional clarity of mind. [potion of mutation]
   322 | D        | Gained mutation: You tend to lose your temper in combat. [potion of mutation]
   456 | D        | Noticed a water elemental
   458 | D        | Killed a water elemental
   458 | D        | Reached skill level 8 in Stealth
   458 | D        | Reached skill level 1 in Conjurations
   458 | D        | Reached skill level 5 in Hexes
   458 | D        | Reached XP level 5. HP: 24/24 MP: 12/14
   476 | D        | Noticed a jelly
   477 | D        | Noticed a shadow
   504 | D        | Killed a shadow
   504 | D        | Reached skill level 9 in Stealth
   504 | D        | Reached XP level 6. HP: 26/28 MP: 1/17
   506 | D        | Killed a jelly
   506 | D        | Reached skill level 10 in Stealth
   623 | D        | Killed a yaktaur
   633 | D        | Found a stormy altar of Qazlal.
   633 | D        | Noticed a spatial vortex
   634 | D        | Found a sacrificial altar of Ru.
   634 | D        | Found a burning altar of Makhleb.
   634 | D        | Found a viscous altar of Jiyva.
   634 | D        | Found a shimmering altar of Xom.
   634 | D        | Found a shadowy altar of Dithmenos.
   634 | D        | Found a sparkling altar of Nemelex Xobeh.
   634 | D        | Found a corrupted altar of Lugonu.
   634 | D        | Found an opulent altar of Gozag.
   638 | D        | Became a worshipper of Dithmenos the Shadowed
   685 | D        | Killed a yaktaur
   919 | D        | Found a radiant altar of Vehumet.
   920 | D        | Found a deep blue altar of Sif Muna.
   920 | D        | Found an ancient bone altar of Kikubaaqudgha.
   920 | D        | Noticed a wizard
   921 | D        | Killed a wizard
   959 | D        | Learned a level 4 spell: Cause Fear
   964 | D        | Found a glowing silver altar of Zin.
   965 | D        | Found a glowing golden altar of the Shining One.
   965 | D        | Found a white marble altar of Elyvilon.
   965 | D        | Noticed a deep elf priest
   967 | D        | Killed a deep elf priest
   967 | D        | Reached skill level 5 in Short Blades
   967 | D        | Reached skill level 10 in Dodging
   967 | D        | Reached skill level 11 in Stealth
   967 | D        | Reached XP level 7. HP: 32/32 MP: 18/20
   982 | D        | Found an iron altar of Okawaru.
   983 | D        | Found a bloodstained altar of Trog.
   983 | D        | Noticed a human
   983 | D        | Noticed a human
   985 | D        | Killed a human
   986 | D        | Killed a human
   986 | D        | Acquired Dithmenos's first power
   986 | D        | Reached skill level 12 in Stealth
  1001 | D        | Found a snail-covered altar of Cheibriados.
  1001 | D        | Noticed a necrophage
  1002 | D        | Found a basalt altar of Yredelemnul.
  1002 | D        | Found a blossoming altar of Fedhas.
  1002 | D        | Noticed a necromancer
  1003 | D        | Killed a necrophage
  1004 | D        | Killed a necromancer
  1023 | D        | Learned a level 6 spell: Deflect Missiles
  1053 | D        | Killed a spatial vortex
  1053 | D        | Reached skill level 1 in Charms
  1053 | D        | Reached XP level 8. HP: 36/36 MP: 0/22
  1276 | D        | Noticed Josephine
  1278 | D        | Killed Josephine
  1278 | D        | Reached skill level 13 in Stealth
  1278 | D        | Reached skill level 10 in Spellcasting
  1387 | D        | Noticed an earth elemental
  1390 | D        | Killed an earth elemental
  1395 | D        | Noticed a centaur
  1395 | D        | Noticed a centaur warrior
  1395 | D        | Noticed a centaur
  1397 | D        | Killed a centaur warrior
  1397 | D        | Reached skill level 14 in Stealth
  1397 | D        | Reached skill level 5 in Charms
  1397 | D        | Reached skill level 5 in Ice Magic
  1397 | D        | Reached XP level 9. HP: 39/39 MP: 19/25
  1398 | D        | Killed a centaur
  1398 | D        | Acquired Dithmenos's second power
  1399 | D        | Killed a centaur
  1438 | D        | Noticed an unseen horror
  1440 | D        | Killed an unseen horror
  1453 | D        | Learned a level 8 spell: Discord
  1534 | D        | Noticed a killer bee
  1534 | D        | Noticed a killer bee
  1534 | D        | Noticed a killer bee
  1534 | D        | Noticed a killer bee
  1534 | D        | Noticed a killer bee
  1534 | D        | Noticed a killer bee
  1534 | D        | Noticed a killer bee
  1534 | D        | Noticed a killer bee
  1534 | D        | Noticed a killer bee
  1534 | D        | Noticed a killer bee
  1534 | D        | Noticed a killer bee
  1534 | D        | Noticed a killer bee
  1534 | D        | Noticed a killer bee
  1534 | D        | Noticed a killer bee
  1534 | D        | Noticed a killer bee
  1535 | D        | Noticed a killer bee
  1535 | D        | Noticed a killer bee
  1535 | D        | Noticed a killer bee
  1535 | D        | Noticed a killer bee
  1535 | D        | Noticed a killer bee
  1535 | D        | Noticed a killer bee
  1535 | D        | Noticed a killer bee
  1535 | D        | Noticed a killer bee
  1535 | D        | Noticed a killer bee
  1535 | D        | Noticed a killer bee
  1535 | D        | Noticed a killer bee
  1535 | D        | Noticed a killer bee
  1535 | D        | Noticed a killer bee
  1535 | D        | Noticed a killer bee
  1535 | D        | Noticed a killer bee
  1535 | D        | Noticed a queen bee
  1535 | D        | Noticed a killer bee
  1535 | D        | Noticed a killer bee
  1536 | D        | Killed a killer bee
  1537 | D        | Killed a killer bee
  1537 | D        | Reached skill level 15 in Stealth
  1540 | D        | Killed a killer bee
  1540 | D        | Acquired Dithmenos's third power
  1543 | D        | Killed a killer bee
  1547 | D        | Killed a killer bee
  1553 | D        | Killed a killer bee
  1555 | D        | Killed a killer bee
  1557 | D        | Killed a killer bee
  1557 | D        | Acquired Dithmenos's fourth power
  1562 | D        | Killed a killer bee
  1692 | D        | Killed a killer bee
  1694 | D        | Killed a killer bee
  1698 | D        | Killed a killer bee
  1700 | D        | Killed a killer bee
  1702 | D        | Killed a killer bee
  1704 | D        | Killed a killer bee
  1704 | D        | Reached XP level 10. HP: 44/44 MP: 15/27
  1712 | D        | Killed a killer bee
  1715 | D        | Killed a killer bee
  1717 | D        | Killed a killer bee
  1719 | D        | Killed a killer bee
  1856 | D        | Killed a killer bee
  1861 | D        | Killed a killer bee
  1863 | D        | Killed a killer bee
  1867 | D        | Killed a killer bee
  1869 | D        | Killed a killer bee
  1871 | D        | Killed a killer bee
  1873 | D        | Killed a killer bee
  1877 | D        | Killed a killer bee
  1880 | D        | Killed a killer bee
  1882 | D        | Killed a killer bee
  1882 | D        | Reached skill level 5 in Conjurations
  1884 | D        | Killed a killer bee
  2021 | D        | Killed a killer bee
  2024 | D        | Killed a killer bee
  2034 | D        | Killed a queen bee
  2142 | D        | Noticed a wandering mushroom
  2143 | D        | Noticed a wandering mushroom
  2143 | D        | Noticed a wandering mushroom
  2146 | D        | Killed a wandering mushroom
  2146 | D        | Reached skill level 16 in Stealth
  2155 | D        | Killed a wandering mushroom
  2291 | D        | Killed a wandering mushroom
  2291 | D        | Reached skill level 10 in Hexes
  2291 | D        | Reached skill level 5 in Air Magic
  2296 | D        | Learned a level 3 spell: Mephitic Cloud
  2365 | D        | Noticed a spiny frog
  2365 | D        | Noticed a komodo dragon
  2365 | D        | Noticed a spiny frog
  2368 | D        | Killed a spiny frog
  2369 | D        | Killed a komodo dragon
  2369 | D        | Reached skill level 1 in Poison Magic
  2370 | D        | Killed a spiny frog
  2376 | D        | Noticed a redback
  2378 | D        | Killed a redback
  2378 | D        | Reached skill level 15 in Dodging
  2379 | D        | Noticed a brain worm
  2382 | D        | Killed a brain worm
  2387 | D        | Noticed a brain worm
  2389 | D        | Killed a brain worm
  2393 | D        | Noticed a lindwurm
  2395 | D        | Noticed a redback
  2396 | D        | Killed a lindwurm
  2398 | D        | Killed a redback
  2403 | D        | Noticed a redback
  2404 | D        | Killed a redback
  2405 | D        | Noticed Maud
  2407 | D        | Killed Maud
  2407 | D        | Reached skill level 17 in Stealth
  2407 | D        | Reached XP level 11. HP: 47/47 MP: 29/29
  2456 | D        | Noticed an electric eel
  2457 | D        | Noticed a seven-headed hydra
  2457 | D        | Noticed a seven-headed hydra
  2459 | D        | Killed an electric eel
  2461 | D        | Killed a seven-headed hydra
  2462 | D        | Killed a seven-headed hydra
  2502 | D        | Noticed a death drake
  2505 | D        | Killed a death drake
  2515 | D        | Found a blossoming altar of Fedhas.
  2515 | D        | Noticed a spriggan
  2515 | D        | Noticed a spriggan druid
  2515 | D        | Noticed a spriggan
  2517 | D        | Killed a spriggan druid
  2518 | D        | Killed a spriggan
  2518 | D        | Reached skill level 18 in Stealth
  2519 | D        | Killed a spriggan
  2539 | D        | Noticed a snapping turtle
  2541 | D        | Noticed a kraken
  2576 | D        | Noticed a snapping turtle
  2715 | D        | Killed a snapping turtle
  2755 | D        | Killed a snapping turtle
  2811 | D        | Killed a kraken
  2811 | D        | Reached skill level 10 in Charms
  2838 | D        | Killed a yaktaur
  2865 | D        | Learned a level 6 spell: Freezing Cloud
  2873 | D        | Noticed an alligator snapping turtle
  2873 | D        | Noticed a snapping turtle
  3073 | D        | Killed an alligator snapping turtle
  3073 | D        | Reached skill level 10 in Short Blades
  3124 | D        | Found Ytieren's Gadget Emporium.
  3124 | D        | Found Non Ysaw's Antique Armour Shop.
  3124 | D        | Found Dysaplut's Food Boutique.
  3124 | D        | Noticed an alligator snapping turtle
  3124 | D        | Noticed an alligator snapping turtle
  3126 | D        | Killed an alligator snapping turtle
  3127 | D        | Killed a snapping turtle
  3152 | D        | Killed an alligator snapping turtle
  3152 | D        | Reached skill level 15 in Spellcasting
  3152 | D        | Reached skill level 5 in Poison Magic
  3152 | D        | Reached XP level 12. HP: 48/51 MP: 15/32
  3155 | D        | Got a barnacled rune of Zot
  3241 | D        | Noticed a swamp drake
  3241 | D        | Noticed a fire drake
  3242 | D        | Killed a fire drake
  3242 | D        | Reached skill level 19 in Stealth
  3244 | D        | Killed a swamp drake
  3251 | D        | Noticed a blink frog
  3251 | D        | Noticed a blink frog
  3251 | D        | Noticed a blink frog
  3251 | D        | Noticed a blink frog
  3252 | D        | Noticed a blink frog
  3254 | D        | Killed a blink frog
  3256 | D        | Killed a blink frog
  3258 | D        | Killed a blink frog
  3260 | D        | Killed a blink frog
  3266 | D        | Killed a blink frog
  3300 | D        | Noticed Rupert
  3302 | D        | Killed Rupert
  3324 | D        | Noticed a death yak
  3325 | D        | Noticed a death yak
  3325 | D        | Noticed a blink frog
  3326 | D        | Noticed an azure jelly
  3326 | D        | Noticed a death yak
  3326 | D        | Noticed an azure jelly
  3326 | D        | Noticed a blink frog
  3326 | D        | Noticed a death yak
  3327 | D        | Noticed a blink frog
  3340 | D        | Killed a death yak
  3345 | D        | Killed a death yak
  3480 | D        | Noticed a black mamba
  3482 | D        | Killed a black mamba
  3489 | D        | Killed a blink frog
  3495 | D        | Noticed a black mamba
  3497 | D        | Killed a black mamba
  3518 | D        | Killed a death yak
  3522 | D        | Killed a death yak
  3522 | D        | Reached skill level 20 in Stealth
  3532 | D        | Killed a blink frog
  3535 | D        | Killed a blink frog
  3752 | D        | Noticed an ice dragon
  3799 | D        | Killed an ice dragon
  3838 | D        | Found Ata Rusch's Antique Weapon Shoppe.
  3838 | D        | Found Roxiposeb's Gadget Boutique.
  3840 | D        | Found Cirysep's Food Emporium.
  3840 | D        | Noticed an ice dragon
  4035 | D        | Noticed an ice dragon
  4052 | D        | Killed an ice dragon
  4092 | D        | Killed an ice dragon
  4106 | D        | Engulfed by a cloud of freezing vapour

Vault maps used:
D:        dungeon_sprint_mu

Action                   |  1- 3 |  4- 6 |  7- 9 | 10-12 || total
-------------------------+-------+-------+-------+-------++-------
Melee: Dagger            |    11 |    11 |    39 |    99 ||   160
 Cast: Ensorcelled Hiber |     2 |       |    20 |    45 ||    67
       Dazzling Spray    |       |     9 |     7 |    47 ||    63
       Confuse           |       |       |       |     8 ||     8
Invok: Shadow Step       |       |       |     1 |    10 ||    11
  Use: Scroll            |       |     3 |       |       ||     3
       Potion            |       |     4 |       |     1 ||     5
 Stab: Sleeping          |     5 |     4 |    24 |    51 ||    84
       Invisible         |       |       |       |     4 ||     4
       Confused          |       |       |       |     7 ||     7
       Distracted        |       |       |       |     1 ||     1
  Eat: Royal jelly       |       |       |       |     1 ||     1
       Bread ration      |       |       |       |     1 ||     1
